 Dungeon Crawl Stone Soup version 0.18-a0-739-gdae9da8 (webtiles) character file.

42 cluie the Insei (level 3, 0/26 HPs)
             Began as a Demonspawn Transmuter on Dec 10, 2015.
             Slain by an adder (1 damage)
             ... on level 2 of the Dungeon.
             The game lasted 00:01:59 (927 turns).

cluie the Insei (Demonspawn Transmuter)              Turns: 927, Time: 00:02:00

Health: 0/26       AC:  6    Str: 13    XL:     3   Next: 33%
Magic:  6/6        EV: 12    Int: 19    God:
Gold:   63         SH:  2    Dex: 14    Spells: 2 memorised, 3 levels left

rFire  . . .     SeeInvis .       - Unarmed
rCold  + . .     Clarity  .     q - +1 leather armour {rC+}
rNeg   . . .     SustAt   .     (no shield)
rPois  .         Gourm    .     (no helmet)
rElec  .         Spirit   .     (no cloak)
rCorr  .         Dismiss  .     (no gloves)
rMut   .         Stasis   .     (no boots)
MR     .....                    (no amulet)
Stlth  +.........               (no ring)
                                e - +3 ring of strength

@: brilliant, lethally poisoned (0 -> -5), not resistant to hostile
enchantments, very unstealthy
A: large bone plates 1, powered by pain 1
a: no special abilities


You were on level 2 of the Dungeon.
You were not hungry.

You visited 1 branch of the dungeon, and saw 2 of its levels.

You collected 63 gold pieces.

Inventory:

Missiles
 a - 22 arrows
Armour
 q - a +1 leather armour of cold resistance (worn)
Jewellery
 e - a +3 ring of strength (left hand)
 s - an uncursed amulet of regeneration {unknown}
Scrolls
 h - 3 scrolls of remove curse {unknown}
 j - 2 scrolls of recharging {unknown}
 l - a scroll of immolation {unknown}
 n - a scroll of amnesia {unknown}
 p - a scroll of blinking {unknown}
 r - a scroll of fog {unknown}
Potions
 o - a potion of flight {unknown}
Books
 c - a book of Changes

   Spells                             Type                      Level
   a - Beastly Appendage              Transmutation                1
   b - Sticks to Snakes               Transmutation                2
   c - Spider Form                    Transmutation/Poison         3
   d - Ice Form                       Ice/Transmutation            4
   e - Blade Hands                    Transmutation                5
Comestibles
 d - a bread ration
 k - a beef jerky
 m - 2 slices of pizza


   Skills:
 + Level 1.5 Fighting
 * Level 2.6 Dodging
 * Level 3.2 Unarmed Combat
 - Level 2.0 Spellcasting
 - Level 1.7 Transmutations


You had 3 spell levels left.
You knew the following spells:

 Your Spells              Type           Power        Failure   Level  Hunger
a - Beastly Appendage     Trmt           ###...       1%          1    #......
b - Sticks to Snakes      Trmt           ###.....     2%          2    ###....


Dungeon Overview and Level Annotations

Branches:
Dungeon (2/15)

Altars:


Innate Abilities, Weirdness & Mutations

You are partially covered in large bone plates (AC +2, SH +2).
You sometimes gain a little power by taking damage.


Message History

The adder is almost dead.
* * * LOW HITPOINT WARNING * * *
You feel sick. The adder bites you but does no damage.
Unknown command.
Drink which item? (? for menu, Esc to quit)
It was a potion of magic.
Magic courses through your body.
* * * LOW HITPOINT WARNING * * *
You feel sick. You block the adder's attack.
Unknown command.
Drink which item? (? for menu, Esc to quit)
It was a potion of cancellation.
Your magical effects are unravelling.
Your magical contamination has completely faded away.
You feel magically purged. The adder barely misses you.
The adder closely misses you.
Drink which item? (? for menu, Esc to quit)
It was a potion of brilliance.
You feel clever all of a sudden.
Your talons disappear.
The adder bites you.
You die...

................
...#......#....#
...#......#....#
...#......#....####
..........#.......#
..........#.......#
.#........#.......# .
.#........####....##....
................@S......
.#....########....##....
.#....# ###### . .#....#
.#....# ##....# #....#
######


You could see an adder.

Vanquished Creatures
  An ooze (D:1)
  A worm (D:2)
  A giant gecko (D:1)
  5 bats
  A giant cockroach (D:1)
  6 hobgoblins
  5 jackals (D:1)
  2 kobolds (D:1)
  A giant newt (D:2)
  7 goblins
  2 rats (D:1)
32 creatures vanquished.

Notes
Turn   | Place    | Note
--------------------------------------------------------------
     0 | D:1      | cluie the Demonspawn Transmuter began the quest for the Orb.
     0 | D:1      | Reached XP level 1. HP: 15/15 MP: 3/3
   192 | D:1      | Gained mutation: You are partially covered in large bone plates (AC +2, SH +2). [demonic ancestry]
   192 | D:1      | Reached XP level 2. HP: 11/21 MP: 5/5
   321 | D:1      | Reached skill level 3 in Unarmed Combat
   695 | D:1      | Gained mutation: You sometimes gain a little power by taking damage. [demonic ancestry]
   695 | D:1      | Reached XP level 3. HP: 6/26 MP: 6/6
   817 | D:2      | HP: 1/26 [goblin/dagger (3)]
   823 | D:2      | Learned a level 2 spell: Sticks to Snakes
   925 | D:2      | HP: 1/26 [poisoned by an adder]
   927 | D:2      | Slain by an adder

Vault maps used:
D:1:      dpeg_arrival_round_b
D:2:      uniq_natasha

Action                   || total
-------------------------++-------
Melee: Unarmed           ||   138
 Cast: Beastly Appendage ||     4
       Sticks to Snakes  ||     3
  Use: Potion            ||     3
 Stab: Sleeping          ||     1
       Distracted        ||     1
  Eat: Chunk             ||     1
